 Dungeon Crawl Stone Soup version 0.19.5 (webtiles) character file.

256 doot the Magician (level 5, 0/39 HPs)
             Began as a Draconian Wizard on May 23, 2017.
             Slain by Prince Ribbit (17 damage)
             ... on level 5 of the Dungeon on May 24, 2017.
             The game lasted 00:18:31 (4319 turns).

doot the Magician (Draconian Wizard)                Turns: 4319, Time: 00:18:32

Health: 0/39       AC:  6    Str:  9    XL:     5   Next: 92%
Magic:  7/11       EV: 13    Int: 15    God:
Gold:   265        SH:  0    Dex: 15    Spells: 3 memorised, 7 levels left

rFire  . . .     SeeInvis .     y - +1 mace of Makhleb's Envy {freeze, MR+ Int-5 Dex+6} (curse)
rCold  . . .     Gourm    .     (armour unavailable)
rNeg   . . .     Faith    .     (no shield)
rPois  .         Spirit   .     a - +0 hat
rElec  .         Reflect  .     (no cloak)
rCorr  .         Harm     .     p - +0 pair of gloves
MR     +....                    (no boots)
Stlth  +.........               (no amulet)
                                q - ring of loudness
                                e - ring of flight

@: no status effects
A: unfitting armour, cold-blooded, AC +5
a: Evoke Flight


You were on level 5 of the Dungeon.
You were not hungry.

You visited 1 branch of the dungeon, and saw 5 of its levels.

You collected 265 gold pieces.

Inventory:

Hand Weapons
 d - a +0 dagger
 l - a +0 dagger of draining
 y - the cursed +1 mace of Makhleb's Envy (weapon) {freeze, MR+ Int-5 Dex+6}
   (You found it on level 5 of the Dungeon)

   It has been specially enchanted to freeze those struck by it, causing extra
   injury to most foes and up to half again as much damage against particularly
   susceptible opponents.
   It can also slow down cold-blooded creatures.
   It affects your intelligence (-5).
   It affects your dexterity (+6).
   It affects your resistance to hostile enchantments.
   It has a curse placed upon it.
Armour
 a - a +0 hat (worn)
 p - a +0 pair of gloves (worn)
Jewellery
 e - a ring of flight (left hand)
 q - a ring of loudness (right hand)
Wands
 j - a wand of confusion (26/48)
Scrolls
 k - a scroll of recharging {unknown}
 m - a scroll of identify
 n - 3 scrolls of remove curse
 t - a scroll of fog {unknown}
 u - a scroll of fear {unknown}
 x - a scroll of enchant weapon {unknown}
Potions
 g - a potion of flight {unknown}
 h - a potion of resistance {unknown}
 o - a potion of curing {unknown}
 s - 2 potions of agility
 z - 2 potions of degeneration
 A - a potion of haste {unknown}
 B - a potion of lignification {unknown}
 C - a potion of mutation {unknown}
Books
 b - a book of Minor Magic

   Spells                             Type                      Level
   a - Magic Dart                     Conjuration                  1
   b - Blink                          Translocation                2
   c - Call Imp                       Summoning                    2
   d - Repel Missiles                 Charms/Air                   2
   e - Slow                           Hexes                        2
   f - Conjure Flame                  Conjuration/Fire             3
   g - Mephitic Cloud                 Conjuration/Poison/Air       3
 r - a book of Cantrips

   Spells                             Type                      Level
   a - Confusing Touch                Hexes                        1
   b - Animate Skeleton               Necromancy                   1
   c - Summon Small Mammal            Summoning                    1
   d - Apportation                    Translocation                1
Comestibles
 c - 6 bread rations
 f - 5 meat rations
 v - 2 beef jerkies
 w - a slice of pizza


   Skills:
 + Level 0.7 Fighting
 + Level 1.7 Short Blades
 + Level 2.6 Dodging
 + Level 2.0 Stealth
 + Level 4.6 Spellcasting
 + Level 1.7 Conjurations
 + Level 2.5 Summonings
   Level 1.0 Translocations
 + Level 0.2 Air Magic


You had 7 spell levels left.
You knew the following spells:

 Your Spells              Type           Power        Failure   Level  Hunger
a - Magic Dart            Conj           #...         12%         1    None
b - Call Imp              Summ           ##......     12%         2    ##.....
c - Mephitic Cloud        Conj/Pois/Air  #.......     43%         3    ###....


Dungeon Overview and Level Annotations

Branches:
Dungeon (5/15)
 Temple: D:4-7

Altars:
Ashenzari

Annotations:
D:4 Trampli's ghost, amateur HEHu
D:5 Grinder; Prince Ribbit


Innate Abilities, Weirdness & Mutations

Your plain brown scales are hard. (AC +5)
You cannot fit into any form of body armour.
You are cold-blooded and may be slowed by cold attacks.


Message History

Casting: Magic Dart
Confirm with . or Enter, or press ? or * to list all spells.
Aiming: Mephitic Cloud
Press: ? - help, Shift-Dir - straight line, f - Prince Ribbit
Aim: Prince Ribbit The ball explodes into a vile cloud!
The stinking cloud engulfs Prince Ribbit.
Prince Ribbit is engulfed in noxious fumes.
You closely miss Prince Ribbit. Prince Ribbit hits you!
Prince Ribbit misses you.
Prince Ribbit blinks!
Prince Ribbit closely misses you. Prince Ribbit barely misses you.
Prince Ribbit misses you.
There is a stone staircase leading up, spattered with blood here.
Casting: Mephitic Cloud
Confirm with . or Enter, or press ? or * to list all spells.
A beastly little devil appears in a puff of flame.
Prince Ribbit hits you!
You die...

..........>....###...............
.........................#......#
...# #......#..###....####.#...##
...# #..######.# #..##..###..#
..# ##.# #.## #...#..# ##.. ..#
#(# #..## #......# ### ..# #.#
##..####...##.# ..#
#.########......#.##.###### ..#
#.........@F............... ###
#..#######...###>........## ###
#..5............#
#...###.........# #####
#.........# ###########


You could see Prince Ribbit and a friendly crimson imp.

Vanquished Creatures
  A scorpion (D:4)
  A crimson imp (D:4)
  A gnoll (D:4)
  3 adders
  2 adder skeletons
  A worm (D:5)
  A dart slug (D:2)
  5 orcs
  A ball python (D:2)
  4 bats
  4 giant cockroaches
  8 hobgoblins
  2 jackals (D:1)
  4 kobolds
  A quokka (D:3)
  3 frilled lizards
  6 goblins
  2 rats
50 creatures vanquished.

Vanquished Creatures (collateral kills)
  A necrophage (D:4)
  A crimson imp (D:4)
  A worker ant (D:4)
  An adder (D:4)
  2 adder skeletons (D:5)
  A worm (D:5)
  9 orcs
  A goblin (D:2)
  2 hobgoblins
  A quokka (D:4)
  A ball python (D:4)
  2 kobolds
  A quokka skeleton (D:5)
24 creatures vanquished.

Grand Total: 74 creatures vanquished

Notes
Turn   | Place    | Note
-------+----------+-------------------------------------------
     0 | D:1      | doot the Draconian Wizard began the quest for the Orb.
     0 | D:1      | Reached XP level 1. HP: 14/14 MP: 4/4
   344 | D:1      | Reached XP level 2. HP: 18/20 MP: 1/6
   580 | D:1      | Learned a level 2 spell: Call Imp
  1169 | D:2      | Reached XP level 3. HP: 25/26 MP: 2/8
  1290 | D:2      | Found a faded altar of an unknown god.
  1945 | D:3      | Reached skill level 1 in Short Blades
  2137 | D:3      | Found a shattered altar of Ashenzari.
  2187 | D:3      | Reached XP level 4. HP: 34/34 MP: 6/9
  2806 | D:4      | Noticed Trampli's ghost (amateur HEHu)
  2829 | D:5      | Entered Level 5 of the Dungeon
  2842 | D:5      | Noticed Prince Ribbit
  2846 | D:5      | Noticed Grinder
  2938 | D:4      | Learned a level 3 spell: Mephitic Cloud
  2952 | D:4      | Reached skill level 4 in Spellcasting
  3091 | D:5      | Noticed a necrophage
  3129 | D:4      | Reached XP level 5. HP: 39/39 MP: 1/11
  3891 | D:4      | Killed a necrophage
  4262 | D:5      | Got a crystal mace
  4263 | D:5      | Identified the cursed +1 mace of Makhleb's Envy {freeze, MR+ Int-5 Dex+6} (You found it on level 5 of the Dungeon)
  4319 | D:5      | Slain by Prince Ribbit

Skill      XL: |  1  2  3  4  5 |
---------------+----------------+-----
Dodging        | 2 |  2.6
Short Blades   | 1 |  1.7
Spellcasting   | 4 |  4.6
Summonings     | 2 |  2.5
Stealth        | 2 |  2.0
Fighting       | |  0.7
Conjurations   | |  1.7
Translocations | |  1.0
Air Magic      | |  0.2

Action                   |  1- 3 |  4- 6 || total
-------------------------+-------+-------++-------
Melee: Dagger            |    82 |    67 ||   149
       Tailslap          |     1 |     7 ||     8
       Mace              |       |     4 ||     4
 Cast: Magic Dart        |    49 |    19 ||    68
       Call Imp          |    17 |    43 ||    60
       Mephitic Cloud    |       |     3 ||     3
  Use: Scroll            |       |     3 ||     3
 Stab: Distracted        |       |     1 ||     1
  Eat: Chunk             |     5 |     5 ||    10
       Royal jelly       |       |     1 ||     1
Armor: Skin              |    24 |    32 ||    56
Dodge: Dodged            |    64 |    71 ||   135
